 Seeded DCSS version 0.28-a0-653-g7e9dba17c3 (webtiles) character file.

Game seed: 292883 (custom seed)

30 jsc15 the Poker (level 3, -3/36 HPs)
             Began as a Troll Berserker on Oct 11, 2021.
             Was a Follower of Trog.
             Killed by divine providence
             ... invoked by an orc priest
              (12 damage)
             ... on level 4 of the Dungeon.
             The game lasted 00:03:34 (567 turns).

jsc15 the Poker (Troll Berserker)                    Turns: 567, Time: 00:03:35

Health: -3/36      AC:  4    Str: 26    XL:     3   Next: 5%
Magic:  2/2        EV: 10    Int:  3    God:    Trog [*.....]
Gold:   19         SH:  0    Dex:  9    Spells: 2/2 levels left

rFire   . . .      SeeInvis .   a - +0 spear
rCold   . . .      Faith    .   (no shield)
rNeg    . . .      Spirit   .   b - +0 animal skin
rPois   .          Reflect  .   (helmet restricted)
rElec   .          Harm     .   (no cloak)
rCorr   .          Rampage  .   (gloves unavailable)
Will    .....                   (boots unavailable)
Stlth   +.........              (no amulet)
HPRegen 1.12/turn               (no ring)
MPRegen 0.08/turn               (no ring)

@: no status effects
A: large, unfitting armour, claws 3, regeneration 1, shaggy fur 1, tough skin 1
a: Renounce Religion, Berserk


You were on level 4 of the Dungeon.
You worshipped Trog.
Trog was aware of your devotion.
You visited 1 branch of the dungeon, and saw 4 of its levels.

You collected 19 gold pieces.

Inventory:

Hand Weapons
 a - a +0 spear (weapon)
 e - a +0 short sword
Missiles
 f - 3 stones (quivered)
Armour
 b - a +0 animal skin (worn)
Scrolls
 c - a scroll of identify {unknown}
 d - a scroll of silence {unknown}
 g - a scroll of fear {unknown}
 i - a scroll of teleportation {unknown}
Potions
 h - a potion of degeneration {unknown}


   Skills:
 + Level 2.6 Fighting
 + Level 2.9 Polearms
 + Level 2.8 Dodging


You had 2 spell levels left.
You didn't know any spells.
Your spell library was empty.

Dungeon Overview and Level Annotations

Branches:
Dungeon (4/15)
 Temple: D:4-7

Altars:


Innate Abilities, Weirdness & Mutations

You are too large for most types of armour.
You have claws for hands.
Your natural rate of healing is unusually fast.
You are covered in fur. (AC +1)
You have tough skin. (AC +1)


Message History

The orc wizard points at you and mumbles some strange words.
You are confused.
You bump into the rock wall.
The orc wizard barely misses you.
You bump into the rock wall.
The orc wizard hits you with a +0 dagger.
You barely miss the orc wizard.
The orc wizard is moderately wounded.
The orc wizard barely misses you.
You bump into the rock wall.
You closely miss the orc priest.
You feel less confused. The orc wizard closely misses you.
The orc priest hits you with a +0 short sword.
You hit the orc priest but do no damage.
The orc wizard barely misses you. The orc priest closely misses you.
The orc wizard hits you but does no damage.
The orc wizard closely misses you.
The orc priest mumbles some strange prayers to Beogh against you.
Pain shoots through your body!
You closely miss the orc wizard.
The orc wizard is lightly wounded.
The orc wizard misses you. The orc priest closely misses you.
You closely miss the orc wizard.
The orc wizard is lightly wounded.
The orc wizard gestures at you while chanting.
The puff of flame hits you!
The orc priest hits you with a +0 short sword.
You barely miss the orc wizard.
The orc wizard is lightly wounded.
The orc wizard hits you with a +0 dagger.
The orc wizard gestures wildly while chanting.
The orc wizard flickers and vanishes!
Deactivating autopickup; reactivate with Ctrl-A.
The orc priest mumbles some strange prayers to Beogh against you.
Beogh smites you!
* * * LOW HITPOINT WARNING * * *
You see here 15 gold pieces.
The orc priest invokes the aid of Beogh against you.
Beogh smites you!
You die...

#..##.#.###.# #
#..##...#...#
#.#..........##
#.#.#..####.#..###
#...........#<<..#
###.#o#.#####.##.#
...#$#.# #.. ..#
### #.#.# #+## ##
#@#.# #.#.# #.#
#.# ..# ###


You could see an orc priest.

Vanquished Creatures
  An adder (D:3)
  A dart slug (D:3)
  An orc (D:4)
  2 bats
  4 endoplasms
  A giant cockroach (D:3)
  A kobold (D:2)
  A quokka (D:1)
  2 ball pythons (D:1)
  3 rats
17 creatures vanquished.

Vanquished Creatures (others)
  2 plants (D:1)
2 creatures vanquished.

Grand Total: 19 creatures vanquished

Notes
Turn   | Place    | Note
-------+----------+-------------------------------------------
     0 | D:1      | jsc15 the Troll Berserker began the quest for the Orb.
     0 | D:1      | Reached XP level 1. HP: 22/22 MP: 0/0
   388 | D:2      | Reached XP level 2. HP: 23/29 MP: 1/1
   491 | D:3      | Reached XP level 3. HP: 25/36 MP: 2/2
   567 | D:4      | Killed from afar by an orc priest

Illustrated notes

Levels and vault maps discovered:
D:1:      sevenhm_arrival_forest_fort_large_4, layout_basic
D:2:      layout_loops_ring, hellmonk_ecumenical_altar_watching_god,
          uniq_crazy_yiuf_cottage
D:3:      corexii_shack_village, layout_basic, serial_shops, shop,
          kennysheep_generic_room_15, uniq_robin
D:4:      layout_basic, minmay_temple_entry_drinking_statues

Action                   || total
-------------------------++-------
Melee: Spear             ||   101
Throw: Stone             ||     1
Armor: Animal skin       ||    42
Dodge: Dodged            ||    72

Table legend: (Time is in decaauts)
 A = Elapsed time spent in this place.
 B = Non-inter-level travel time spent in this place.
 C = Inter-level travel time spent in this place.
 D = Time resting spent in this place.
 E = Time spent auto-exploring this place.
 F = Levels seen in this place.
 G = Mean time per level.
                   A        B        C        D        E       F      G
               +--------+--------+--------+--------+--------+-----+--------+
         Total |    562 |    562 |      0 |      0 |      0 |   4 |  140.5 |
       Dungeon |    562 |    562 |      0 |      0 |      0 |   4 |  140.5 |
               +--------+--------+--------+--------+--------+-----+--------+

Top non-repeatable levels by time:
     D:1: 344 daAuts
     D:3: 85 daAuts
     D:2: 82 daAuts
     D:4: 49 daAuts
